 Dungeon Crawl Stone Soup version 0.31-a0-986-g5e6e4ef867 (webtiles) character file.

Game seed: 3930280829747683786

570 Arex the Shield-Bearer (level 7, -1/49 HPs)
             Began as an Octopode Fighter on Nov 7, 2023.
             Was an Initiate of Gozag.
             Killed from afar by an orc wizard (6 damage)
             ... with a puff of flame
             ... on level 5 of the Dungeon.
             The game lasted 00:04:17 (4295 turns).

Arex the Shield-Bearer (Octopode Fighter)           Turns: 4295, Time: 00:04:19

Health: -1/49      AC:  1    Str: 15    XL:     7   Next: 34%
Magic:  7/7        EV: 14    Int: 11    God:    Gozag
Gold:   292        SH:  5    Dex: 13    Spells: 6/6 levels left

rFire   + .          .
                       - Unarmed
rCold   + . .        a - +0 buckler
rNeg    . . .        (helmet restricted)
rPois   +            (no amulet)
rElec   +            (no ring)
rCorr   +            (no ring)
SInv    .            (no ring)
Will    .....        (no ring)
Stlth   +++          (no ring)
HPRegen 0.28/turn    (no ring)
MPRegen 0.10/turn    (no ring)
                     (no ring)

%: no passive effects
@: lethally poisoned (-1 -> -7), resistant
A: almost no armour, amphibious, 8 rings, camouflage 1, gelatinous body 1,
(nimble swimmer 1), tentacles
a: Renounce Religion, Potion Petition, Call Merchant, Bribe Branch


You were on level 5 of the Dungeon.
You worshipped Gozag.
Gozag was aware of your devotion.
You visited 2 branches of the dungeon, and saw 6 of its levels.

You collected 347 gold pieces.
You paid 55 gold pieces to Gozag.

Inventory:

Armour
 a - a +0 buckler (worn)
Wands
 h - a wand of light (4)
Scrolls
 d - a scroll of immolation
 e - a scroll of noise {unknown}
 f - a scroll of enchant armour {unknown}
 i - a scroll of revelation {unknown}
 j - a scroll of teleportation {unknown}
 k - a scroll of vulnerability {unknown}
 l - a scroll of identify {unknown}
Potions
 c - a potion of heal wounds {unknown}
 g - a potion of ambrosia {unknown}


   Skills:
 + Level 4.5 Fighting
 + Level 4.5 Dodging
 - Level 2.3 Stealth
 + Level 4.5 Shields
 + Level 3.9 Unarmed Combat
 - Level 2.4 Evocations


You had 6 spell levels left.
You didn't know any spells.
Your spell library was empty.

Dungeon Overview and Level Annotations

Branches:
Dungeon (5/15)             Temple (1/1) D:4

Altars:
Ashenzari
Cheibriados
Elyvilon
Fedhas
Gozag
Hepliaklqana
Kikubaaqudgha
Makhleb
Nemelex Xobeh
Okawaru
Qazlal
Ru
Sif Muna
Trog
Uskayaw
Vehumet
Wu Jian
Xom
Yredelemnul
Zin
The Shining One

Shops:
D:2 :

Annotations:
D:4 1 runed translucent door, Crazy Yiuf


Innate Abilities, Weirdness & Mutations

You cannot wear most types of armour.
You are amphibious.
You can wear up to eight rings at the same time.
Your skin changes colour to match your surroundings (Stealth+).
Your rubbery body absorbs attacks. (AC +1, EV +1)
((You are camouflaged when in or above water. (Stealth+)))
You have tentacles for arms and can constrict up to eight enemies at once.


Message History

You constrict the orc wizard.
You feel sick.
The orc wizard hits you with a +1 dagger of venom.
You release your grip on the orc wizard.
You feel sick.
The orc wizard gestures at you while chanting.
The puff of flame hits you!
Things that are here:
5 gold pieces; a +0 hand axe You bump into the rock wall.
You feel sick.
The orc wizard points at you and mumbles some strange words.
You resist with some effort.
You bump into the rock wall.
You feel sick.
The orc wizard mumbles some strange words.
The orc wizard flickers and vanishes!
Deactivating autopickup; reactivate with Ctrl-A.
You feel sick.
You are no longer poisoned.
Something barely misses you.
Items here: $ ))) [[.
You barely miss something. Your squeeze misses something.
You hear some strange, mumbled words.
A magic dart appears from out of thin air!
The magic dart hits you!
* * * LOW HITPOINT WARNING * * *
You feel less confused.
Things that are here:
5 gold pieces; a +0 hand axe You tentacle-slap something but do no damage.
Your squeeze misses something. Something hits you.
* * * LOW HITPOINT WARNING * * *
You are lethally poisoned!
It was a potion of resistance.
You feel protected.
* * * LOW HITPOINT WARNING * * *
You feel sick.
You hear some strange, mumbled words.
A puff of flame appears from out of thin air!
The puff of flame hits you. You resist.
You die...
Your body crumbles into a pile of gold.

#.# #.#
#.# #.#
#.# #.#
#.####
#####...<#
#.{@....##
#.#####$#
#. #.# #.
#.# #. #.#
#. #.# #.
#.# #.


There were no monsters in sight!

Vanquished Creatures
  Sigmund (D:4)
  An ogre (D:5)
  A jelly (D:3)
  An orc priest (D:3)
  An iguana (D:4)
  An orc wizard (D:3)
  A sleepcap (D:4)
  5 adders
  3 river rats (D:3)
  A worm (D:3)
  2 dart slugs (D:1)
  9 orcs
  8 bats
  7 endoplasms
  A giant cockroach (D:3)
  7 goblins
  7 hobgoblins
  7 jackals
  8 quokkas
  10 ball pythons
  5 frilled lizards
  8 kobolds
  6 rats
101 creatures vanquished.

Notes
Turn   | Place    | Note
-------+----------+-------------------------------------------
     0 | D:1      | Arex the Octopode Fighter began the quest for the Orb.
     0 | D:1      | Reached XP level 1. HP: 16/16 MP: 1/1
   142 | D:1      | Reached XP level 2. HP: 17/21 MP: 2/2
   211 | D:1      | Reached skill level 1 in Stealth
   682 | D:1      | Reached XP level 3. HP: 22/26 MP: 3/3
  1379 | D:2      | Reached XP level 4. HP: 21/31 MP: 4/4
  1816 | D:2      | Found Tuhitud's Book Shoppe.
  2305 | D:3      | Reached XP level 5. HP: 36/36 MP: 5/5
  2521 | D:4      | Noticed Sigmund
  2527 | D:4      | Killed Sigmund
  2528 | D:4      | Reached skill level 1 in Evocations
  2528 | D:4      | Reached XP level 6. HP: 43/43 MP: 6/6
  2668 | D:4      | Found a staircase to the Ecumenical Temple.
  2743 | Temple   | Entered the Ecumenical Temple
  2762 | Temple   | Became a worshipper of Gozag Ym Sagoz the Greedy
  2802 | D:4      | Found a runed translucent door.
  2803 | D:4      | Noticed Crazy Yiuf
  2918 | D:4      | Found a hide-covered altar of Uskayaw.
  2918 | D:4      | Found a shimmering blue altar of Sif Muna.
  3775 | D:3      | Reached XP level 7. HP: 27/48 MP: 7/7
  4260 | D:5      | Entered Level 5 of the Dungeon
  4295 | D:5      | Killed from afar by an orc wizard

Illustrated notes

Levels and vault maps discovered:
D:1:      lightli_arrival_chessboard, layout_loops_corners,
          minmay_misc_feat_rows, corexii_leaking_fountain
D:2:      layout_basic, serial_shops, nicolae_shop_advertising_works
          [nicolae_subvault_shop_adworks]
D:3:      layout_basic, mainiacjoe_sewer_entry_somewhere_in_here_2,
          chequers_arboretum
D:4:      layout_loops_corners, gammafunk_temple_overflow_wave,
          minmay_temple_entry_wispy, nicolae_elevator_lobby_plus,
          uniq_crazy_yiuf_cottage, uniq_sigmund
D:5:      layout_basic, reono_crystal_passage, uniq_ijyb, uniq_duvessa
Temple:   compressed_dpeg_triangle_lava_temple

Skill      XL: |  1  2  3  4  5  6 |
---------------+-------------------+-----
Stealth        | 1 2 |  2.3
Dodging        | 4 |  4.5
Shields        | 4 |  4.5
Unarmed Combat | 3 |  3.9
Evocations     | 1 2 |  2.4
Fighting       | 4 |  4.5

Action                     |  1- 3 |  4- 6 |  7- 9 || total
---------------------------+-------+-------+-------++-------
  Melee: Unarmed           |    83 |   126 |    25 ||   234
         Constrict         |    23 |    30 |     5 ||    58
         Tentacles         |    11 |    38 |     4 ||    53
         Punch             |     4 |     5 |     2 ||    11
  Evoke: Wand              |       |     1 |     2 ||     3
    Use: Potion            |       |     1 |     1 ||     2
         Scroll            |       |     1 |       ||     1
   Stab: Sleeping          |     8 |     5 |       ||    13
 Armour: Skin              |    26 |    39 |    11 ||    76
  Dodge: Dodged            |    50 |    53 |     9 ||   112
  Block: Buckler           |    16 |    33 |     2 ||    51

Table legend: (Time is in decaauts)
 A = Elapsed time spent in this place.
 B = Non-inter-level travel time spent in this place.
 C = Inter-level travel time spent in this place.
 D = Time resting spent in this place.
 E = Time spent auto-exploring this place.
 F = Levels seen in this place.
 G = Mean time per level.
                   A        B        C        D        E       F      G
               +--------+--------+--------+--------+--------+-----+--------+
         Total |   4290 |   4042 |    248 |    546 |   2849 |   6 |  715.0 |
       Dungeon |   4252 |   4040 |    212 |    546 |   2849 |   5 |  850.4 |
        Temple |     38 |      2 |     36 |      0 |      0 |   1 |   38.0 |
               +--------+--------+--------+--------+--------+-----+--------+

Top non-repeatable levels by time:
     D:3: 1211 daAuts
     D:4: 1110 daAuts
     D:1: 961 daAuts
     D:2: 934 daAuts
  Temple: 38 daAuts
     D:5: 34 daAuts
